 Dungeon Crawl Stone Soup version 0.30-a0-424-g7412bad402 (webtiles) character file.

Game seed: 126015205300197561

513 HoaS the Skirmisher (level 7, -6/40 HPs)
             Began as a Kobold Hunter on Nov 26, 2022.
             Mangled by a black bear (11 damage)
             ... on level 5 of the Dungeon on Dec 9, 2022.
             The game lasted 00:06:13 (3424 turns).

HoaS the Skirmisher (Kobold Hunter)                 Turns: 3424, Time: 00:06:13

Health: -6/40      AC:  3    Str:  8    XL:     7   Next: 43%
Magic:  7/7        EV: 14    Int: 10    God:
Gold:   141        SH:  0    Dex: 21    Spells: 6/6 levels left

rFire   . . .      SeeInvis .    a - +0 shortbow
rCold   . . .      Faith    .    (shield currently unavailable)
rNeg    . . .      Spirit   .    c - +0 leather armour
rPois   .          Reflect  .    (no helmet)
rElec   .          Harm     .    (no cloak)
rCorr   .          Rampage  .    (no gloves)
Will    .....                    (no boots)
Stlth   +++.......               (no amulet)
HPRegen 0.26/turn                (no ring)
MPRegen 0.10/turn                (no ring)

@: no status effects
A: small, no large weapons, nightstalker 3
a: no special abilities


You were on level 5 of the Dungeon.
You visited 1 branch of the dungeon, and saw 5 of its levels.

You collected 174 gold pieces.
You spent 33 gold pieces at shops.

Inventory:

Hand Weapons
 a - a +0 shortbow (weapon)
Armour
 c - a +0 leather armour (worn)
Jewellery
 d - a ring of fire
 m - a ring of ice
Wands
 n - a wand of roots (7)
Scrolls
 b - 2 scrolls of immolation
 e - 2 scrolls of fog
 l - a scroll of teleportation {unknown}
 o - 2 scrolls of enchant armour
Potions
 g - a potion of resistance {unknown}
 h - 2 potions of cancellation {unknown}
 i - 3 potions of curing
 j - 2 potions of flight {unknown}
 k - 2 potions of degeneration {unknown}
 p - a potion of berserk rage {unknown}


   Skills:
 - Level 2.1 Fighting
 * Level 11.0 Ranged Weapons
 - Level 2.4 Dodging
 - Level 1.3 Stealth


You had 6 spell levels left.
You didn't know any spells.
Your spell library contained the following spells:

 Spells                   Type           Power      Damage    Failure   Level
 Gell's Gravitas          Tloc           0%         N/A       86%         3
 Lesser Beckoning         Tloc           0%         N/A       86%         3
 Teleport Other           Tloc           0%         N/A       86%         3
 Animate Dead             Necr           0%         N/A       99%         4
 Petrify                  Tmut/Erth      0%         N/A       99%         4
 Borgnjor's Vile Clutch   Necr/Erth      0%         N/A       100%        5
 Metabolic Englaciation   Hex/Ice        0%         N/A       100%        5
 Death Channel            Necr           0%         N/A       100%        6
 Statue Form              Tmut/Erth      0%         N/A       100%        6


Dungeon Overview and Level Annotations

Branches:
Dungeon (5/15)
 Temple: D:4-7

Altars:
Ru
Trog
Uskayaw
Yredelemnul

Shops:
D:3 *

Annotations:
D:5 exclusion: ogre, Sigmund


Innate Abilities, Weirdness & Mutations

You are small and have problems with some larger weapons.
You are completely attuned to the shadows.


Message History

The black bear claws you.
You shoot an arrow. The arrow hits the black bear.
The black bear is lightly wounded.
Sigmund drinks a potion.
Sigmund seems to speed up.
The black bear bites you. The black bear claws you.
The black bear barely misses you.
You shoot an arrow. The arrow hits the black bear!
The black bear is severely wounded.
The black bear misses you. The black bear barely misses you.
The black bear claws you but does no damage.
You shoot an arrow. The arrow hits the black bear.
The black bear is almost dead.
Sigmund completely misses you.
The black bear goes berserk!
As you read the scroll of identify, it crumbles to dust.
o - 2 scrolls of enchant armour The black bear bites you but does no damage.
The black bear claws you but does no damage.
The black bear claws you. Sigmund barely misses you.
The black bear bites you but does no damage.
The black bear claws you. The black bear closely misses you.
You shoot an arrow. The arrow hits the black bear.
The black bear is almost dead.
Sigmund mumbles some strange words.
Sigmund flickers and vanishes!
Deactivating autopickup; reactivate with Ctrl-A.
The black bear misses you. The black bear claws you. x2
You shoot an arrow. The arrow hits the black bear.
The black bear is almost dead.
The black bear bites you but does no damage.
The black bear barely misses you.
The black bear claws you but does no damage.
Something hits you!
* * * LOW HITPOINT WARNING * * *
The black bear misses you. The black bear closely misses you.
The black bear claws you.
* * * LOW HITPOINT WARNING * * *
You shoot an arrow.
The arrow hits the black bear but does no damage.
The black bear is almost dead.
The black bear bites you!
You die...

.# #.#.# .#
#.#.##### ##
#.#.....# .#
#.#####.# .#
#.# #.# .# #.#
#.# .##### #.#
.....# #.####
####.# #.@h.#
#.# ####.#
####.# ..#
.....# #...
####.# ...
#....# #.#.##
....# #########
#.#####.......#


You could see a black bear (berserk).

Vanquished Creatures
  Edmund (D:4)
  A black bear (D:5)
  Blork the orc (D:4)
  A hound (D:4)
  2 orc priests (D:5)
  7 adders
  2 ufetubi (D:4)
  2 worms
  A dart slug (D:1)
  5 orcs
  11 ball pythons
  An endoplasm (D:1)
  6 giant cockroaches
  5 goblins
  4 hobgoblins
  7 kobolds
  5 quokkas
  4 bats
  3 frilled lizards
  3 rats
72 creatures vanquished.

Notes
Turn   | Place    | Note
-------+----------+-------------------------------------------
     0 | D:1      | HoaS the Kobold Hunter began the quest for the Orb.
     0 | D:1      | Reached XP level 1. HP: 12/12 MP: 1/1
   191 | D:1      | Reached XP level 2. HP: 17/17 MP: 2/2
   220 | D:1      | Reached skill level 6 in Ranged Weapons
   951 | D:2      | Reached XP level 3. HP: 21/21 MP: 3/3
  1310 | D:3      | Upgraded the game from 0.30-a0-374-g95c0257040 to
                  | 0.30-a0-424-g7412bad402
  1336 | D:3      | Found Archeogg's General Store.
  1353 | D:3      | Bought a potion of curing for 33 gold pieces
  1397 | D:3      | Reached skill level 7 in Ranged Weapons
  1397 | D:3      | Reached XP level 4. HP: 18/26 MP: 4/4
  1430 | D:3      | Found a basalt altar of Yredelemnul.
  1603 | D:3      | Found a sacrificial altar of Ru.
  1604 | D:3      | Found a bloodstained altar of Trog.
  2089 | D:4      | Reached XP level 5. HP: 30/30 MP: 5/5
  2098 | D:4      | Reached skill level 8 in Ranged Weapons
  2100 | D:4      | Noticed Edmund
  2271 | D:4      | Noticed Blork the orc
  2288 | D:4      | Killed Blork the orc
  2354 | D:4      | Reached XP level 6. HP: 34/35 MP: 6/6
  2369 | D:4      | Reached skill level 9 in Ranged Weapons
  2714 | D:4      | Killed Edmund
  2715 | D:4      | Reached skill level 10 in Ranged Weapons
  2808 | D:4      | Found a hide-covered altar of Uskayaw.
  2891 | D:5      | Entered Level 5 of the Dungeon
  2891 | D:5      | Noticed a black bear
  3029 | D:5      | Noticed an ogre
  3170 | D:5      | Reached XP level 7. HP: 33/40 MP: 7/7
  3184 | D:5      | Reached skill level 11 in Ranged Weapons
  3416 | D:5      | Noticed Sigmund
  3424 | D:5      | Mangled by a black bear

Illustrated notes

Levels and vault maps discovered:
D:1:      sevenhm_arrival_forest_fort_small_4, layout_basic
D:2:      layout_loops_ring
D:3:      layout_basic, mainiacjoe_overflow_surrounded_room,
          nicolae_overflow_squiral, serial_shops, shop
D:4:      layout_rooms, mainiacjoe_overflow_catwalk, uniq_blork_the_orc,
          uniq_edmund
D:5:      layout_basic, pdpol_wu_jian_five_deadly_venoms, uniq_sigmund

Skill      XL: |  1  2  3  4  5  6  7 |
---------------+----------------------+-----
Ranged Weapons | 6 7 8 10 11 | 11.0
Fighting       | |  2.1
Dodging        | |  2.4
Stealth        | |  1.3

Action                   |  1- 3 |  4- 6 |  7- 9 || total
-------------------------+-------+-------+-------++-------
 Fire: Shortbow          |    69 |   115 |    28 ||   212
  Use: Scroll            |     3 |     4 |     1 ||     8
       Potion            |       |     3 |     1 ||     4
Armor: Leather armour    |     9 |    10 |     8 ||    27
Dodge: Dodged            |    26 |    53 |    19 ||    98

Table legend: (Time is in decaauts)
 A = Elapsed time spent in this place.
 B = Non-inter-level travel time spent in this place.
 C = Inter-level travel time spent in this place.
 D = Time resting spent in this place.
 E = Time spent auto-exploring this place.
 F = Levels seen in this place.
 G = Mean time per level.
                   A        B        C        D        E       F      G
               +--------+--------+--------+--------+--------+-----+--------+
         Total |   3468 |   3240 |    228 |    326 |   2437 |   5 |  693.6 |
       Dungeon |   3468 |   3240 |    228 |    326 |   2437 |   5 |  693.6 |
               +--------+--------+--------+--------+--------+-----+--------+

Top non-repeatable levels by time:
     D:3: 894 daAuts
     D:4: 754 daAuts
     D:2: 737 daAuts
     D:1: 573 daAuts
     D:5: 509 daAuts
